 Dungeon Crawl Stone Soup version 0.27.0-1-g7a089689b8 (webtiles) character file.

Game seed: 81418436495962353

15 EnegeticOcto the Covered (level 2, 27/27 HPs)
             Began as a Minotaur Fighter on Aug 8, 2021.
             Was a Follower of Jiyva.
             Quit the game on level 1 of the Dungeon.
             The game lasted 00:00:12 (282 turns).

EnegeticOcto the Covered (Minotaur Fighter)          Turns: 282, Time: 00:00:13

Health: 27/27      AC:  7    Str: 20    XL:     2   Next: 34%
Magic:  1/1        EV:  7    Int:  5    God:    Jiyva [*.....]
Gold:   0          SH:  9    Dex:  9    Spells: 1/1 levels left

rFire    . . .     SeeInvis .   a - +0 war axe
rCold    . . .     Faith    .   c - +0 kite shield
rNeg     . . .     Spirit   .   b - +0 scale mail
rPois    .         Reflect  .   (helmet restricted)
rElec    .         Harm     .   (no cloak)
rCorr    .         Rampage  .   (no gloves)
Will     .....                  (no boots)
Stlth    ..........             (no amulet)
HPRegen  0.09/turn              (no ring)
MPRegen  0.07/turn              (no ring)

@: no status effects
A: horns 2, retaliatory headbutt
a: Renounce Religion, Request Jelly


You were on level 1 of the Dungeon.
You worshipped Jiyva.
Jiyva was aware of your devotion.
You visited 1 branch of the dungeon, and saw 1 of its levels.

Inventory:

Hand Weapons
 a - a +0 war axe (weapon)
Armour
 b - a +0 scale mail (worn)
 c - a +0 kite shield (worn)
Scrolls
 e - a scroll of silence {unknown}
 f - a scroll of immolation {unknown}
 g - a scroll of fog {unknown}
Potions
 d - a potion of might {@q3}


   Skills:
 + Level 3.8 Fighting
 * Level 3.0 Axes
 + Level 3.8 Armour
 + Level 3.8 Shields


You had one spell level left.
You didn't know any spells.
Your spell library was empty.

Dungeon Overview and Level Annotations

Branches:
Dungeon (1/15)

Altars:
Jiyva


Innate Abilities, Weirdness & Mutations

You have a pair of horns on your head.
You reflexively headbutt those who attack you in melee.


Message History

You block the bat's attack. The bat hits you. The dart slug barely misses you.
You hit the bat.
The bat is severely wounded.
You barely miss the dart slug. The bat hits you but does no damage.
The dart slug barely misses you. The bat hits you but does no damage.
You barely miss the bat.
The bat is severely wounded.
You hit the dart slug. The bat closely misses you. You block the bat's attack.
The bat hits you but does no damage. The dart slug barely misses you.
You slash the bat!
You kill the bat!
You slash the dart slug!
You kill the dart slug!
You have reached level 2!
You see here a dart slug corpse.
A rat comes into view.
A rat is nearby!
A rat is nearby!
A rat is nearby!
A rat is nearby!
A rat is nearby!
A rat is nearby!
A rat is nearby!
A rat is nearby!
You barely miss the rat. You block the rat's attack.
The rat bites you but does no damage.
You slash the rat!
You kill the rat!
No target in view!
No target in view!
No target in view!
No target in view!
Found a stone staircase leading down.
Found a book of Conjurations.
g - a scroll labelled TAOGIL EGEAPP No target in view!
No target in view!
No target in view!
No target in view!
No target in view!
No target in view!
No target in view!
No target in view!
You see here a book of Conjurations.
A ball python comes into view.
The ball python hisses angrily.
A ball python is nearby!
A ball python is nearby!
A ball python is nearby!
A ball python is nearby!
A ball python is nearby!
A ball python is nearby!
A ball python is nearby!
An endoplasm comes into view.
The endoplasm quivers.
Found a scale mail.
You slash the ball python!
You kill the ball python!
You block the endoplasm's attack.
You hit the endoplasm. You headbutt the endoplasm.
You kill the endoplasm!
Your Axes skill increases to level 3!
No target in view!
No target in view!
No target in view!
No target in view!
No target in view!
You see here a ball python corpse.
Found Plato's Volume of Changing.
Found a faded altar of an unknown god.
A bat comes into view.
You block the bat's attack.
A bat is nearby!
A bat is nearby!
A bat is nearby!
A bat is nearby!
You barely miss the bat. The bat hits you but does no damage. The bat hits you.
The bat hits you but does no damage.
A rat comes into view.
You block the bat's attack. You block the bat's attack. The bat hits you.
The bat hits you but does no damage.
You miss the bat. The bat hits you but does no damage. x2
You miss the bat. You block the bat's attack.
You slash the bat!
You kill the bat!
You barely miss the rat. You block the rat's attack. The rat barely misses you.
You hit the rat.
You kill the rat!
No target in view!
No target in view!
No target in view!
No target in view!
You see here a rat corpse.
There is a faded altar of an unknown god here.
You see here Plato's Volume of Changing.
You cannot tell which god this altar belongs to.
Convert to them anyway?
Jiyva accepts your prayer! Jiyva welcomes you! Jiyva grants you a jelly!
You can now request a jelly.
Are you sure you want to abandon this character and quit the game? (Confirm with "yes".)

### ########...
###.###.........#
......#......[...
...:...........^##
..................
.#..............##
####.##†........P#
#<#............@#
#.###.........^.# # #
#.###.........J##.#.#
#.##.............#.#.
#.##.#..####...##.#P.
##..##..## #.....#...
.#...##.# #...##P...
.+....### #.........
.#..#..# ##........


You could see a neutral jelly (wandering) (fellow slime).

Vanquished Creatures
  A dart slug (D:1)
  An endoplasm (D:1)
  3 jackals (D:1)
  A quokka (D:1)
  2 ball pythons (D:1)
  2 bats (D:1)
  3 rats (D:1)
13 creatures vanquished.

Notes
Turn   | Place    | Note
-------+----------+-------------------------------------------
     0 | D:1      | EnegeticOcto the Minotaur Fighter began the quest for the
                  | Orb.
     0 | D:1      | Reached XP level 1. HP: 19/19 MP: 0/0
   200 | D:1      | Reached XP level 2. HP: 26/27 MP: 1/1
   244 | D:1      | Found a faded altar of an unknown god.
   281 | D:1      | Became a worshipper of Jiyva Jassaaco the Shapeless
   281 | D:1      | Reached * piety under Jiyva
   282 | D:1      | Quit the game

Illustrated notes

Levels and vault maps discovered:
D:1:      amcnicky_arrival_feature_with_door, layout_rooms,
          shapermc_ecumenical_altar_rom_forum

Skill      XL: |  1  2 |
---------------+-------+-----
Axes           | 3 |  3.0
Fighting       | |  3.8
Armour         | |  3.8
Shields        | |  3.8

Action                   || total
-------------------------++-------
Melee: War axe           ||    34
       Headbutt          ||     3
Armor: Scale mail        ||    29
Dodge: Dodged            ||    19
Block: Kite shield       ||    24
